 Dungeon Crawl Stone Soup version 0.29.0-11-gd7f09526c8 (webtiles) character file.

Game seed: 615004277682936183

58 Persephone the Shooter (level 3, -9/30 HPs)
             Began as a Demigod Hunter on Sept 6, 2022.
             Killed from afar by Ijyb (16 damage)
             ... with a bolt of light
             ... on level 3 of the Dungeon.
             The game lasted 00:02:54 (1459 turns).

Persephone the Shooter (Demigod Hunter)             Turns: 1459, Time: 00:02:54

Health: -9/30      AC:  4    Str: 12    XL:     3   Next: 52%
Magic:  5/5        EV: 12    Int: 11    God:
Gold:   121        SH:  0    Dex: 21    Spells: 2/2 levels left

rFire   . . .      SeeInvis .   a - +0 shortbow
rCold   . . .      Faith    .   (shield currently unavailable)
rNeg    . . .      Spirit   .   c - +0 leather armour
rPois   .          Reflect  .   (no helmet)
rElec   .          Harm     .   (no cloak)
rCorr   .          Rampage  .   (no gloves)
Will    .....                   n - +0 pair of boots
Stlth   ++........              g - amulet of regeneration
HPRegen 0.90/turn               (no ring)
MPRegen 0.09/turn               (no ring)

@: no status effects
A: high MP 1, forlorn, divine attributes
a: no special abilities


You were on level 3 of the Dungeon.
You visited 1 branch of the dungeon, and saw 3 of its levels.

You collected 121 gold pieces.

Inventory:

Hand Weapons
 a - a +0 shortbow (weapon)
Missiles
 h - a throwing net
Armour
 c - a +0 leather armour (worn)
 n - a +0 pair of boots (worn)
Jewellery
 d - a ring of fire
 g - an amulet of regeneration (around neck)
Wands
 m - a wand of charming (4)
Scrolls
 b - a scroll of immolation
 f - a scroll of silence {unknown}
 i - 2 scrolls of teleportation {unknown}
 k - 2 scrolls of enchant weapon {unknown}
 l - a scroll of blinking {unknown}
Potions
 e - a potion of resistance {unknown}
 j - 2 potions of curing {unknown}
 o - a potion of flight {unknown}


   Skills:
 + Level 2.4 Fighting
 + Level 4.0 Ranged Weapons
 + Level 2.3 Dodging
 + Level 1.8 Stealth


You had 2 spell levels left.
You didn't know any spells.
Your spell library contained the following spells:

 Spells                   Type           Power      Damage    Failure   Level
 Beastly Appendage        Tmut           0%         N/A       41%         1
 Wereblood                Tmut           0%         N/A       56%         2
 Spider Form              Tmut/Pois      0%         N/A       80%         3


Dungeon Overview and Level Annotations

Branches:
Dungeon (3/15)

Shops:
D:1 !

Annotations:
D:3 Ijyb


Innate Abilities, Weirdness & Mutations

You have an increased reservoir of magic. (+10% MP)
You shall have no god before yourself.
Your divine heritage dramatically boosts your attributes as you level up.


Message History

You are too confused!
You are too confused!
You are too confused!
You are too confused!
Unknown command.
Unknown command.
Unknown command.
Unknown command.
Unknown command.
You feel less confused. Ijyb barely misses you.
Fire: a) +0 shortbow
Press: ? - help, Shift-Dir - straight line, f/p - Ijyb
Aim: Ijyb, wielding a +0 club, wearing a +0 scale mail and carrying a wand of light (10) (62% to hit)
You shoot an arrow. The arrow hits Ijyb but does no damage.
Ijyb completely misses you.
Fire: a) +0 shortbow
Press: ? - help, Shift-Dir - straight line, f/p - Ijyb
Aim: Ijyb, wielding a +0 club, wearing a +0 scale mail and carrying a wand of light (10) (62% to hit)
You shoot an arrow. The arrow hits Ijyb.
Ijyb is moderately wounded.
Ijyb hits you with a +0 club.
Fire: a) +0 shortbow
Press: ? - help, Shift-Dir - straight line, f/p - Ijyb
Aim: Ijyb, wielding a +0 club, wearing a +0 scale mail and carrying a wand of light (10) (moderately wounded, 62% to hit)
You shoot an arrow. The arrow hits Ijyb.
Ijyb is moderately wounded.
Ijyb zaps a wand.
The bolt of light misses you.
Ijyb zaps a wand.
The bolt of light hits you!
You are confused.
You shoot an arrow. Ijyb closely misses you.
Unknown command.
You shoot an arrow. Ijyb hits you with a +0 club.
* * * LOW HITPOINT WARNING * * *
Unknown command.
You shoot an arrow.
You feel less confused.
Ijyb zaps a wand.
The bolt of light hits you!
Ouch! That really hurt!
You die...

#...#.....# #....#
##.........# #....#
..........####....#
.#................#
##.......####.
#.............
##...<........
##...##.#####
#..@.# .# ##..g# .#
##..# .# ##$. .†..
#.... ##...# #...


You could see Ijyb.

Vanquished Creatures
  An adder (D:2)
  2 worms (D:2)
  5 ball pythons
  6 bats
  4 endoplasms (D:1)
  2 giant cockroaches
  A goblin (D:2)
  9 hobgoblins
  A jackal (D:2)
  4 kobolds
  6 rats
41 creatures vanquished.

Notes
Turn   | Place    | Note
-------+----------+-------------------------------------------
     0 | D:1      | Persephone the Demigod Hunter began the quest for the Orb.
     0 | D:1      | Reached XP level 1. HP: 17/17 MP: 3/3
   118 | D:1      | Reached skill level 1 in Stealth
   246 | D:1      | Found Teryun's Distillery.
   312 | D:1      | Reached XP level 2. HP: 24/24 MP: 4/4
   903 | D:2      | You fall into a shaft and drop 1 floor!
  1146 | D:2      | Reached XP level 3. HP: 29/29 MP: 5/5
  1182 | D:2      | Identified the +5 broad axe of Muew {vorpal, rPois rC+}
  1326 | D:2      | Reached skill level 4 in Ranged Weapons
  1450 | D:3      | Noticed Ijyb
  1459 | D:3      | Killed from afar by Ijyb

Illustrated notes

Levels and vault maps discovered:
D:1:      dpeg_arrival_castle, layout_basic, serial_shops, shop
D:2:      minmay_diamond_boxcup, layout_basic, basic_altar
D:3:      cheibrodos_helix_gallery, layout_basic, trog_hazing_becter,
          dreamdust_ecumenical_altar_statues, nicolae_figureground_pulse,
          uniq_ijyb

Skill      XL: |  1  2  3 |
---------------+----------+-----
Stealth        | 1 |  1.8
Fighting       | 2 |  2.4
Dodging        | 2 |  2.3
Ranged Weapons | 4 |  4.0

Action                   || total
-------------------------++-------
 Fire: Shortbow          ||   111
Armor: Leather armour    ||     9
Dodge: Dodged            ||    32
